Map: Divergence LE

Players

Massa

  • Race: Terran Terran
  • League: Gold
  • Spawn Location: 5:00

qqq

  • Race: Protoss Protoss
  • League: Platinum
  • Spawn Location: 5:00

Evilidaofc - Winner!

  • Race: Protoss Protoss
  • League: Diamond
  • Spawn Location: 11:00

eksero - Winner!

  • Race: Protoss Protoss
  • League: Diamond
  • Spawn Location: 11:00

VOD

Have the link to the VOD?

Description

Time

  • Played on: July 31, 2020, 12:22 p.m.
  • Length: 9:31
Show
View Real Time Build Order
Export as new Build Order

Massa Terran 

Build Orders:  

Get SALT Encoding   

  12  0:01  SCV  
  13  0:13  SCV  
  14  0:18  Supply Depot  
  14  0:25  SCV  
  15  0:34  Refinery  
  15  0:40  SCV  
  16  0:46  Barracks  
  16  0:52  SCV  
  17  1:20  SCV  
  18  1:26  Refinery  
  18  1:32  SCV  
  19  1:33  Supply Depot  
  19  1:44  SCV  
  19  1:46  Barracks  
  20  1:48  Marine  
  21  1:56  SCV  
  22  2:05  Marine  
  23  2:26  Orbital Command  
  23  2:33  Factory  
  23  2:38  Marine  
  23  2:42  Barracks  
  24  2:54  SCV  
  24  2:56  Marine  
  26  3:01  Reaper  
  27  3:06  SCV  
  28  3:14  Marine  
  28  3:17  Factory Tech Lab  
  29  3:21  Starport  
  29  3:23  Engineering Bay  
  30  3:35  Marine  
  31  3:42  Supply Depot  
  31  3:43  Supply Depot  
  31  3:53  Marine  
  31  4:01  Barracks Tech Lab  
  31  4:04  Marine, Medivac, Siege Tank  
  37  4:11  Marine  
  38  4:20  Marauder  
  38  4:21  Marine  
  41  4:29  Marine  
  42  4:39  Bunker, Marine  
  42  4:42  Marauder  
  45  4:46  Marine  
  46  4:54  Stimpack  
  45  5:12  Marine x2  
  46  5:30  Marine x2  
  46  6:00  Terran Infantry Weapons Level 1  
  46  6:19  Command Center  
  46  6:21  Bunker, Medivac  
  26  6:51  Medivac  
  26  6:53  Marauder  
  30  6:56  Siege Tank  
  33  7:01  Barracks  
  33  7:03  Missile Turret  
  33  7:14  Marauder  
  35  7:18  Missile Turret  
  35  7:20  Supply Depot  
  35  7:22  Supply Depot  
  35  7:28  Siege Tank  
  38  7:36  Marauder  
  40  7:39  Missile Turret  
  40  7:46  Orbital Command  
  37  7:55  Marine  
  37  7:57  Marauder, Medivac  
  32  8:13  Marine  
  32  8:17  Barracks  
  32  8:18  Marauder  
  35  8:30  Marine  
  28  8:37  Siege Tank  
  31  8:41  Medivac  
  30  8:48  Marine  
  30  8:51  Marine  
  30  8:55  Marine x2  
  33  8:58  SCV  
  34  9:06  Marine  
  34  9:07  Marine  
  34  9:08  Barracks  
  37  9:10  SCV  
  37  9:12  Marine  
Show
View Real Time Build Order
Export as new Build Order

qqq Protoss 

Build Orders: Forge Fast Expand (FFE) 

Get SALT Encoding   

  12  0:02  Probe  
  13  0:14  Probe  
  14  0:26  Probe  
  14  0:28  Pylon  
  15  0:46  Probe, Forge  
  16  0:58  Probe  
  17  1:05  Pylon  
  17  1:10  Probe  
  18  1:26  Nexus  
  18  1:34  Photon Cannon  
  18  1:43  Pylon  
  17  2:20  Photon Cannon  
  17  2:22  Photon Cannon  
  17  2:23  Photon Cannon  
  17  2:24  Photon Cannon  
  17  2:26  Pylon  
  17  2:35  Photon Cannon  
  17  3:05  Probe  
  18  3:10  Gateway  
  18  3:12  Probe  
  19  3:17  Probe (Chrono Boost), Assimilator  
  20  3:21  Assimilator  
  21  3:29  Probe x2 (Chrono Boost)  
  22  3:37  Probe (Chrono Boost)  
  22  3:39  Probe (Chrono Boost)  
  23  3:43  Probe  
  24  3:49  Probe  
  24  3:55  Probe  
  26  3:59  Cybernetics Core  
  26  4:01  Probe  
  26  4:02  Pylon  
  27  4:07  Probe  
  28  4:13  Probe  
  29  4:17  Pylon  
  29  4:19  Probe  
  30  4:25  Probe  
  31  4:31  Probe  
  31  4:37  Probe  
  33  4:41  Photon Cannon  
  33  4:44  Probe, Stargate  
  34  4:48  Stargate  
  34  4:49  Probe  
  35  4:55  Assimilator  
  35  4:56  Probe  
  35  4:59  Assimilator  
  36  5:01  Probe  
  36  5:02  Stalker  
  39  5:08  Probe  
  39  5:13  Probe  
  41  5:20  Probe  
  42  5:25  Probe  
  43  5:29  Phoenix (Chrono Boost)  
  43  5:31  Phoenix (Chrono Boost)  
  43  5:32  Probe  
  48  5:38  Probe  
  49  5:44  Probe  
  49  5:46  Phoenix (Chrono Boost)  
  49  5:47  Phoenix (Chrono Boost)  
  54  6:04  Pylon  
  54  6:07  Pylon  
  54  6:10  Pylon  
  54  6:22  Probe x2, Phoenix x2  
  60  6:34  Probe x2  
  62  6:46  Probe  
  62  6:47  Phoenix x2  
  64  6:58  Probe, Nexus  
  64  7:00  Pylon  
  64  7:02  Pylon  
  64  7:11  Phoenix  
  64  7:12  Phoenix  
  68  7:20  Protoss Air Weapons Level 1 (Chrono Boost)  
  68  7:29  Pylon, Robotics Facility  
  68  7:36  Phoenix x2  
  70  8:06  Phoenix x2  
  63  8:31  Phoenix x2  
  63  8:39  Fleet Beacon  
  63  8:41  Probe  
  63  8:43  Photon Cannon  
  63  8:44  Assimilator  
  63  8:45  Photon Cannon  
  63  8:47  Photon Cannon  
  64  8:48  Assimilator  
  64  8:49  Photon Cannon  
  64  8:53  Probe  
  65  8:56  Phoenix x2  
  69  9:05  Probe  
  64  9:17  Probe  
Show
View Real Time Build Order
Export as new Build Order

Evilidaofc Protoss - Winner!

Build Orders:  

Get SALT Encoding   

  12  0:00  Probe  
  13  0:12  Probe  
  14  0:20  Pylon  
  14  0:24  Probe  
  15  0:38  Probe  
  15  0:41  Gateway  
  16  0:50  Probe (Chrono Boost)  
  16  0:53  Assimilator  
  17  1:02  Probe (Chrono Boost)  
  18  1:11  Probe (Chrono Boost)  
  19  1:17  Probe  
  20  1:25  Pylon  
  20  1:36  Forge  
  20  1:38  Zealot  
  22  2:02  Pylon  
  22  2:12  Photon Cannon  
  22  2:18  Pylon  
  19  2:25  Zealot  
  21  2:41  Photon Cannon  
  21  2:42  Pylon  
  21  2:57  Probe  
  20  3:09  Probe  
  21  3:12  Photon Cannon  
  21  3:20  Assimilator, Cybernetics Core  
  21  3:28  Probe  
  21  3:30  Pylon  
  22  3:38  Gateway  
  22  3:39  Gateway  
  22  3:43  Probe  
  23  3:56  Probe  
  23  4:02  Robotics Facility  
  24  4:08  Probe  
  24  4:09  Warp Gate (Chrono Boost)  
  25  4:19  Photon Cannon  
  25  4:20  Probe  
  25  4:22  Stalker  
  28  4:28  Pylon  
  28  4:29  Stalker  
  30  4:31  Pylon  
  30  4:45  Stalker  
  32  5:10  Immortal (Chrono Boost)  
  32  5:56  Stalker x3  
  38  5:57  Immortal (Chrono Boost)  
  40  6:29  Stalker x3  
  46  6:54  Stalker x2  
  46  6:55  Stalker  
  52  7:11  Pylon  
  52  7:18  Nexus  
  52  7:19  Sentry  
  52  7:21  Assimilator  
  54  7:25  Assimilator  
  54  7:27  Pylon  
  54  7:31  Pylon  
  54  7:32  Pylon  
  54  7:34  Pylon  
  53  7:39  Zealot x2  
  35  8:34  Probe  
  35  8:35  Probe  
  35  8:39  Stalker x2  
  35  8:40  Stalker  
  39  9:15  Stalker x3  
Show
View Real Time Build Order
Export as new Build Order

eksero Protoss - Winner!

Build Orders:  

Get SALT Encoding   

  12  0:00  Probe  
  13  0:12  Probe  
  14  0:18  Pylon  
  14  0:25  Probe (Chrono Boost)  
  15  0:37  Probe (Chrono Boost)  
  16  0:45  Gateway  
  16  0:46  Probe (Chrono Boost)  
  17  0:54  Probe  
  18  0:57  Assimilator  
  18  1:03  Pylon  
  18  1:06  Probe  
  20  1:18  Probe  
  20  1:24  Gateway  
  20  1:36  Cybernetics Core  
  20  1:43  Zealot (Chrono Boost)  
  22  2:11  Probe  
  22  2:13  Stalker (Chrono Boost)  
  22  2:15  Warp Gate  
  27  2:23  Probe  
  27  2:24  Stalker (Chrono Boost)  
  27  2:25  Assimilator  
  27  2:29  Gateway  
  28  2:35  Probe  
  27  3:01  Probe  
  28  3:13  Probe  
  28  3:16  Stalker  
  31  3:22  Pylon  
  31  3:40  Probe, Stalker  
  34  3:47  Twilight Council  
  34  3:49  Gateway  
  34  3:52  Probe  
  35  4:05  Probe  
  35  4:06  Pylon  
  36  4:14  Stalker  
  36  4:17  Probe  
  39  4:23  Robotics Facility  
  39  4:29  Probe  
  40  4:34  Blink (Chrono Boost)  
  40  4:41  Probe  
  41  4:53  Probe  
  42  5:03  Stalker  
  42  5:04  Stalker  
  46  5:07  Pylon  
  46  5:08  Pylon  
  46  5:17  Pylon  
  43  5:33  Stalker  
  43  5:34  Stalker  
  43  5:35  Stalker  
  43  5:55  Gateway  
  43  5:57  Gateway  
  43  5:59  Stalker x2  
  43  6:00  Stalker  
  49  6:09  Forge  
  49  6:12  Pylon  
  41  6:31  Stalker  
  41  6:32  Stalker x2  
  45  6:50  Protoss Ground Weapons Level 1 (Chrono Boost)  
  45  6:55  Warp Prism  
  45  6:57  Nexus  
  45  6:58  Pylon  
  47  7:02  Probe  
  47  7:03  Stalker  
  50  7:10  Stalker  
  50  7:14  Probe  
  53  7:32  Assimilator  
  53  7:45  Forge  
  53  7:47  Assimilator  
  45  8:16  Stalker  
  45  8:17  Stalker x4  
  55  8:42  Stalker x4  
  63  9:10  Stalker x3  
Tags
 
Add a new tag
Caveats
  • Supply blocks, unpowered buildings, or Contaminate may cause inaccurate times.
  • Supply counts are checked every 10 seconds.